 Dungeon Crawl Stone Soup version 0.27-a0-1590-g15f69828bf (webtiles) character file.

Game seed: 4765086253642435988

68055 bilbop the Covert (level 15, -6/74 HPs)
             Began as a Kobold Summoner on July 18, 2021.
             Was a High Priest of Dithmenos.
             Mangled by a tentacled monstrosity (11 damage)
             ... on level 2 of the Abyss on July 19, 2021.
             The game lasted 05:59:36 (39564 turns).

bilbop the Covert (Kobold Summoner)                Turns: 39564, Time: 05:59:37

Health: -6/74      AC: 11    Str:  5 (9)  XL:     15   Next: 68%
Magic:  37/38      EV: 19    Int: 16 (19) God:    Dithmenos [*****.]
Gold:   1676       SH:  0    Dex: 21 (22) Spells: 9/34 levels left

rFire    . . .     SeeInvis +   a - +2 dagger (venom)
rCold    . . .     Faith    .   (shield restricted)
rNeg     . . .     Spirit   .   k - +0 troll leather armour
rPois    .         Reflect  .   H - +2 helmet {SInv}
rElec    .         Harm     .   l - scarf {repulsion}
rCorr    .         Rampage  .   C - +0 pair of gloves
Will     +....     Rnd*Rage +   m - +1 pair of boots
Stlth    ++++++++++             r - amulet of magic regeneration
HPRegen  1.22/turn              t - +6 ring of dexterity
MPRegen  0.51/turn              X - ring of magical power

@: unable to read, on berserk cooldown, slowed, wreathed by umbra, constricted,
repel missiles, very slow
A: small, no large weapons, nightstalker 3, [berserk 2], [deterioration 2],
[frail 2], [screaming 2], [inability to read while threatened]
a: Renounce Religion, Shadow Step, Shadow Form


You were on level 2 of the Abyss.
You worshipped Dithmenos.
Dithmenos was extremely pleased with you.
You visited 6 branches of the dungeon, and saw 24 of its levels.
You visited the Abyss 1 time.

You collected 2533 gold pieces.
You spent 857 gold pieces at shops.

Inventory:

Hand Weapons
 a - a +2 dagger of venom (weapon)
 b - a +5 hand crossbow of freezing
 q - a +0 vorpal arbalest
Missiles
 z - 95 bolts
 E - a curare-tipped dart
 T - 2 boomerangs of dispersal
Armour
 k - a +0 troll leather armour (worn)
 l - a scarf of repulsion (worn)
 m - a +1 pair of boots (worn)
 C - a +0 pair of gloves (worn)
 H - a +2 helmet of see invisible (worn)
 M - +0 steam dragon scales
 V - a +0 buckler
Jewellery
 c - an amulet of reflection
 f - an amulet of regeneration
 i - a ring of flight
 r - an amulet of magic regeneration (around neck)
 s - a ring of positive energy
 t - a +6 ring of dexterity (left hand)
 u - a ring of resist corrosion
 S - a +4 ring of evasion
 X - a ring of magical power (right hand)
Wands
 d - a wand of charming (10)
 v - a wand of digging (5)
 A - a wand of polymorph (47)
 B - a wand of iceblast (13)
 F - a wand of flame (105)
 K - a wand of acid (23)
 N - a wand of mindburst (29)
 U - a wand of paralysis (8)
Scrolls
 g - 2 scrolls of amnesia
 x - 4 scrolls of fog
 y - a scroll of brand weapon
 I - a scroll of holy word
 L - a scroll of magic mapping
 Y - a scroll of teleportation
Potions
 e - 7 potions of curing
 h - a potion of mutation {unknown}
 j - 6 potions of flight
 n - 2 potions of might
 o - 2 potions of attraction {unknown}
 p - a potion of magic {unknown}
 D - a potion of invisibility {unknown}
 G - 4 potions of brilliance
 J - 3 potions of ambrosia
 O - 3 potions of cancellation {unknown}
 P - a potion of berserk rage {unknown}
 Q - 4 potions of haste
 W - a potion of resistance {unknown}
Miscellaneous
 R - a piece from Xom's chessboard (15/15)


   Skills:
 + Level 10.4 Fighting
 - Level 11.7 Short Blades
 + Level 10.2 Crossbows
 - Level 4.3 Armour
 + Level 11.7 Dodging
 + Level 13.5 Stealth
 + Level 2.0 Shields
 + Level 10.1 Spellcasting
 + Level 10.6 Summonings
 + Level 8.4 Invocations
 - Level 3.0 Evocations


You had 9 spell levels left.
You knew the following spells:

 Your Spells              Type           Power      Damage    Failure   Level
a - Summon Small Mammal   Summ           100%       N/A       1%          1
b - Call Imp              Summ           42%        N/A       1%          2
c - Call Canine Familiar  Summ           42%        N/A       1%          3
d - Summon Lightning Spi  Summ/Air       25%        N/A       16%         4
e - Ensorcelled Hibernat  Hex/Ice        16%        N/A       22%         2
f - Summon Guardian Gole  Hex/Summ       25%        N/A       4%          3
g - Summon Ice Beast      Ice/Summ       25%        N/A       16%         4
h - Shadow Creatures      Summ           N/A        N/A       26%         6

Your spell library contained the following spells:

 Spells                   Type           Power      Damage    Failure   Level
 Beastly Appendage        Tmut           16%        N/A       14%         1
 Corona                   Hex            8%         N/A       14%         1
 Magic Dart               Conj           32%        1d4       14%         1
 Animate Armour           Summ/Erth      50%        N/A       16%         4
 Static Discharge         Conj/Air       8%         N/A       22%         2
 Wereblood                Tmut           8%         N/A       22%         2
 Mephitic Cloud           Conj/Pois/Air  8%         N/A       38%         3
 Spider Form              Tmut/Pois      4%         N/A       38%         3
 Stone Arrow              Conj/Erth      16%        3d8       38%         3
 Tukima's Dance           Hex            8%         N/A       38%         3
 Summon Forest            Summ/Tloc      12%        N/A       41%         5
 Passage of Golubria      Tloc           N/A        N/A       80%         4
 Bolt of Magma            Conj/Fire/Erth 4%         4d5       98%         5
 Lightning Bolt           Conj/Air       4%         1d15      98%         5
 Yara's Violent Unravell  Hex/Tmut       4%         3d4       98%         5
 Dispersal                Tloc           4%         N/A       100%        6
 Eringya's Noxious Bog    Tmut/Pois      4%         N/A       100%        6
 Spellforged Servitor     Conj/Summ      12%        N/A       100%        7
 Disjunction              Tloc           4%         N/A       100%        8
 Maxwell's Capacitive Co  Air            4%         ∞         100%        8
 Shatter                  Erth           4%         3d7*      100%        9


Dungeon Overview and Level Annotations

Branches:
Dungeon (13/15)            Temple (1/1) D:5            Lair (6/6) D:8
 Shoals (1/4) Lair:4        Snake (1/4) Lair:4        Slime (0/5) Lair:6
    Orc (2/2) D:9             Elf (0/3) Orc:2
 Vaults: D:13-14

Altars:
Ashenzari
Cheibriados
Dithmenos
Elyvilon
Fedhas
Gozag
Hepliaklqana
Kikubaaqudgha
Makhleb
Nemelex Xobeh
Okawaru
Qazlal
Ru
Sif Muna
Trog
Uskayaw
Vehumet
Wu Jian
Xom
Yredelemnul
Zin
The Shining One
Jiyva

Shops:
D:4 *   D:6 [   Orc:1 ?*   Orc:2 =(**

Annotations:
D:8 2 transporters, Swapper's ghost, journeyman MiBe
D:11 3 runed translucent doors


Innate Abilities, Weirdness & Mutations

You are small and have problems with some larger weapons.
You are completely attuned to the shadows.
[You often lose your temper in combat.]
[Your body often deteriorates upon taking damage.]
[You are very frail. (-20% HP)]
[You frequently scream uncontrollably at your foes.]
[You sometimes lose the ability to read scrolls when taking damage.]


Message History

The tentacled monstrosity completely misses you.
The smoke demon gestures at you. Something smites you!
* * * LOW HITPOINT WARNING * * *
Your body deteriorates!
You feel weakened.
The tentacled monstrosity completely misses you.
The tentacled monstrosity tentacle-slaps you but does no damage.
The tentacled monstrosity tentacle-slaps you.
* * * LOW HITPOINT WARNING * * *
The tentacled monstrosity grabs you.
* * * LOW HITPOINT WARNING * * *
The tentacled monstrosity constricts you.
You cannot read scrolls in your current state!
You feel much better.
The tentacled monstrosity tentacle-slaps you but does no damage. x2
The tentacled monstrosity closely misses you.
The tentacled monstrosity constricts you.
Okay, then.
You hit the tentacled monstrosity but do no damage.
The tentacled monstrosity is poisoned.
The tentacled monstrosity tentacle-slaps you but does no damage. x3
Your body deteriorates!
You feel weakened.
The tentacled monstrosity constricts you!
You hit the tentacled monstrosity.
The tentacled monstrosity is lightly wounded.
You hit the tentacled monstrosity but do no damage.
The tentacled monstrosity is lightly wounded.
Your shadow closely misses the tentacled monstrosity.
The tentacled monstrosity closely misses you.
The tentacled monstrosity tentacle-slaps you!
* * * LOW HITPOINT WARNING * * *
The tentacled monstrosity tentacle-slaps you.
* * * LOW HITPOINT WARNING * * *
x2 The tentacled monstrosity constricts you!
A neqoxec comes into view.
You hit the tentacled monstrosity.
The tentacled monstrosity looks as sick as possible!
The tentacled monstrosity is lightly wounded.
The tentacled monstrosity tentacle-slaps you!
You die...

.# ## ....
#.#
#...###3.
#.#...#
.#..#@#
#..xX## ##
#.##..##.#
.#.....##.#
.........#
###.### ..#.
....#3...X..
#........ .
. #
.##......


You could see a tentacled monstrosity (extremely poisoned), a neqoxec and a
small abomination.

Vanquished Creatures
  Rupert (D:12)
  A fire dragon (Lair:6)
  Snorg (Lair:5)
  Josephine (D:11)
  Harold (D:8)
  A vault guard (D:13)
  3 hydras
  A death knight (D:13)
  An ogre mage (Orc:2)
  An anaconda (Lair:4)
  2 boulder beetles
  3 two-headed ogres
  A catoblepas (Lair:6)
  8 death yaks
  Nergalle (D:12)
  A phantasmal warrior (D:13)
  3 lindwurms (Lair:6)
  An orc knight (D:8)
  A wolf spider (Lair:6)
  A faun (Lair:4)
  An ugly thing (D:11)
  4 cyclopes
  A manticore (Lair:6)
  A centaur zombie (D:11)
  2 black mambas
  8 elephants
  16 cane toads
  4 torpor snails
  2 unseen horrors (D:11)
  2 rime drakes (Lair:6)
  5 komodo dragons
  2 freezing wraiths (D:13)
  An efreet (D:13)
  2 kobold demonologists (D:13)
  5 trolls
  10 slime creatures
  A snapping turtle (Lair:4)
  2 blink frogs
  A wraith (D:13)
  16 yaks
  Sigmund (D:4)
  2 wyverns
  3 basilisks
  6 vampire mosquitoes
  Menkaure (D:6)
  3 nagas (Lair:4)
  2 wargs
  2 acid dragons
  11 water moccasins
  6 orc warriors
  A sky beast (D:6)
  A swamp drake (Lair:6)
  A black bear (Lair:3)
  9 ogres
  7 wolves
  3 centaurs
  2 phantoms (D:5)
  4 kobold brigands
  8 bullfrogs
  3 scorpions
  9 killer bees
  2 wights (D:6)
  2 howler monkeys
  An electric eel (D:10)
  A bullfrog zombie (D:5)
  A centaur skeleton (D:6)
  6 orc priests
  A hound (D:6)
  A jelly (D:4)
  An iguana (D:5)
  8 orc wizards
  A nameless horror (Lair:5)
  8 gnolls
  6 adders
  An adder skeleton (D:3)
  A worm (D:4)
  A dart slug (D:3)
  20 orcs
  3 ball pythons
  3 bats
  2 endoplasms
  A giant cockroach (D:2)
  4 hobgoblins
  A jackal (D:1)
  A quokka (D:4)
  A ball python skeleton (D:3)
  2 frilled lizards (D:1)
  A giant cockroach zombie (D:3)
  3 goblins
  8 kobolds
  A quokka zombie (D:3)
  A rat (D:3)
  A spectral orc (D:12)
300 creatures vanquished.

Vanquished Creatures (collateral kills)
  Gastronok (Lair:2)
  2 hydras (Lair:6)
  2 centaur warriors (D:13)
  An ogre mage (Orc:2)
  8 two-headed ogres
  A catoblepas (Lair:6)
  11 death yaks
  Urug (D:9)
  2 deep trolls
  A swamp dragon (Lair:6)
  An orc knight (D:13)
  An ugly thing (D:10)
  2 orc sorcerers
  A manticore (Lair:6)
  A cyclops (Orc:2)
  2 black mambas
  5 elephants
  4 cane toads (Lair:6)
  4 komodo dragons
  3 rime drakes (Lair:6)
  A kobold demonologist (D:13)
  2 efreet
  A tengu conjurer (D:13)
  7 trolls
  A polar bear (Lair:4)
  A hornet (D:9)
  10 blink frogs
  4 slime creatures (D:13)
  A small abomination (Abyss:2)
  15 yaks
  3 wraiths (D:11)
  3 basilisks
  3 wyverns
  A vampire mosquito (D:10)
  A steam dragon (D:9)
  A naga (Lair:4)
  2 wargs
  An acid dragon (Lair:6)
  Edmund (D:4)
  3 water moccasins
  2 nameless horrors
  A swamp drake (Lair:6)
  A sky beast (D:6)
  A black bear (D:4)
  9 orc warriors
  14 ogres
  4 wolves (Lair:6)
  A centaur (D:13)
  4 bullfrogs
  2 gnoll sergeants
  2 water moccasin skeletons
  6 killer bees
  A wight (D:6)
  A howler monkey (D:9)
  A hound (D:6)
  A gnoll shaman (D:8)
  4 orc priests
  4 iguanas
  A hell rat (Lair:6)
  A scorpion zombie (D:3)
  6 orc wizards
  2 hound zombies (D:3)
  Robin (D:3)
  A howler monkey skeleton (D:4)
  12 gnolls
  A shadow imp (D:7)
  2 worms
  3 dart slugs
  38 orcs
  2 endoplasms
  10 goblins
  6 hobgoblins
  2 jackals (D:1)
  8 kobolds
  A quokka (D:1)
  3 bats
  4 frilled lizards
  A giant cockroach zombie (D:3)
  A jackal zombie (D:3)
  A rat (D:2)
  A butterfly (Lair:6)
283 creatures vanquished.

Vanquished Creatures (others)
  A centaur (D:13)
  2 howler monkeys (D:9)
  A bush (Lair:4)
  49 fungi
  56 plants
  4 withered plants (D:3)
113 creatures vanquished.

Grand Total: 696 creatures vanquished

Notes
Turn   | Place    | Note
-------+----------+-------------------------------------------
     0 | D:1      | bilbop the Kobold Summoner began the quest for the Orb.
     0 | D:1      | Reached XP level 1. HP: 10/10 MP: 3/3
   637 | D:1      | Reached XP level 2. HP: 7/15 MP: 0/5
   992 | D:1      | You fall into a shaft and drop 1 floor!
   997 | D:2      | Reached skill level 1 in Short Blades
  1051 | D:2      | Reached skill level 3 in Stealth
  1303 | D:2      | Reached XP level 3. HP: 20/20 MP: 6/6
  1367 | D:1      | Learned a level 2 spell: Call Imp
  1671 | D:1      | Found a faded altar of an unknown god.
  1874 | D:2      | Reached skill level 1 in Fighting
  2229 | D:3      | Reached XP level 4. HP: 24/25 MP: 5/7
  2574 | D:3      | Reached XP level 5. HP: 29/29 MP: 3/9
  3139 | D:3      | You are sucked into a shaft and drop 1 floor!
  3144 | D:4      | Reached skill level 4 in Stealth
  3144 | D:4      | Reached XP level 6. HP: 35/35 MP: 10/10
  3179 | D:4      | Reached skill level 1 in Armour
  3348 | D:4      | Found Zaammuet's Lightly-Used Armoury.
  3443 | D:3      | Noticed Robin
  3455 | D:3      | Killed Robin
  3478 | D:3      | Learned a level 3 spell: Call Canine Familiar
  3977 | D:4      | Noticed a black bear
  3986 | D:4      | Killed a black bear
  4141 | D:4      | Noticed Edmund
  4217 | D:4      | Killed Edmund
  4218 | D:4      | Reached XP level 7. HP: 38/40 MP: 5/12
  4813 | D:4      | Noticed Sigmund
  4829 | D:4      | Killed Sigmund
  4830 | D:4      | Reached skill level 5 in Stealth
  4830 | D:4      | Reached skill level 5 in Summonings
  5037 | D:5      | Entered Level 5 of the Dungeon
  5080 | D:5      | Found a staircase to the Ecumenical Temple.
  5141 | D:5      | Reached XP level 8. HP: 46/46 MP: 13/13
  5958 | D:6      | You fall into a shaft and drop 2 floors!
  6017 | D:8      | Noticed a basilisk
  6017 | D:8      | Noticed a wyvern
  6017 | D:8      | Noticed an elephant
  6018 | D:8      | Noticed a basilisk
  6055 | D:8      | Killed a wyvern
  6126 | D:8      | Noticed a two-headed ogre
  6223 | D:8      | Reached skill level 5 in Dodging
  6356 | D:8      | Upgraded the game from 0.27-a0-1579-g97d2440184 to
                  | 0.27-a0-1590-g15f69828bf
  6469 | D:8      | Found a transporter.
  6490 | D:8      | Noticed a four-headed hydra
  6758 | D:7      | Reached skill level 6 in Stealth
  7173 | D:7      | Noticed a yak
  7174 | D:7      | Noticed a yak
  7176 | D:7      | Noticed a yak
  7176 | D:7      | Noticed a yak
  7176 | D:7      | Noticed a yak
  7177 | D:7      | Killed a yak
  7178 | D:7      | Reached skill level 5 in Short Blades
  7178 | D:7      | Reached XP level 9. HP: 52/52 MP: 15/15
  7963 | D:6      | Noticed Menkaure
  7965 | D:6      | Killed Menkaure
  7993 | D:6      | Found Mayson's Armour Emporium.
  8164 | D:6      | Reached skill level 1 in Crossbows
  8205 | D:6      | Bought a +2 helmet of see invisible for 215 gold pieces
  8518 | D:7      | Found a sacrificial altar of Ru.
  8529 | D:7      | Found a basalt altar of Yredelemnul.
  8783 | D:7      | Reached skill level 7 in Stealth
  8783 | D:7      | Reached skill level 5 in Spellcasting
  9097 | D:7      | Reached skill level 5 in Fighting
  9097 | D:7      | Reached XP level 10. HP: 25/59 MP: 15/18
  9572 | Temple   | Entered the Ecumenical Temple
 10065 | D:8      | Killed a two-headed ogre
 10444 | D:8      | Found a transporter.
 10541 | D:8      | Killed a four-headed hydra
 10542 | D:8      | Reached skill level 8 in Stealth
 10885 | D:8      | Found a staircase to the Lair.
 10916 | D:8      | Killed an elephant
 11109 | D:8      | Noticed Swapper's ghost (journeyman MiBe)
 11206 | D:9      | Noticed Harold
 11348 | D:8      | Killed Harold
 11667 | D:9      | Paralysed by a hornet for 3 turns
 11770 | D:9      | Found a staircase to the Orcish Mines.
 11804 | D:9      | Found a hide-covered altar of Uskayaw.
 12801 | D:10     | Entered Level 10 of the Dungeon
 12861 | D:10     | Noticed a two-headed ogre
 12886 | D:10     | Killed a two-headed ogre
 12887 | D:10     | Reached XP level 11. HP: 64/64 MP: 20/20
 13701 | D:10     | Reached skill level 9 in Stealth
 13912 | D:10     | Learned a level 4 spell: Summon Lightning Spire
 14028 | D:10     | Found a sparkling altar of Nemelex Xobeh.
 14032 | D:10     | Found a shadowy altar of Dithmenos.
 14032 | D:10     | Found a blossoming altar of Fedhas.
 14038 | D:10     | Became a worshipper of Dithmenos the Shadowed
 14119 | D:10     | Noticed a red ugly thing
 14205 | D:10     | Reached skill level 1 in Invocations
 14222 | D:10     | Reached skill level 5 in Crossbows
 14422 | D:10     | Killed a red ugly thing
 14927 | D:11     | Found a runed translucent gate.
 14927 | D:11     | Found a runed translucent gate.
 14927 | D:11     | Found a runed translucent gate.
 14945 | D:11     | Noticed a red ugly thing
 14957 | D:11     | Killed a red ugly thing
 15143 | D:11     | Noticed Josephine
 15301 | D:11     | Reached * piety under Dithmenos
 15549 | Lair:1   | Entered Level 1 of the Lair of Beasts
 16033 | Lair:1   | Reached skill level 10 in Stealth
 16044 | Lair:1   | Reached XP level 12. HP: 72/72 MP: 22/22
 16121 | Lair:1   | Identified a scroll of acquirement
 16123 | Lair:1   | Acquired a +5 hand crossbow of freezing
 16331 | Lair:1   | You fall into a shaft and drop 1 floor!
 17261 | Lair:2   | Noticed a death yak
 17263 | Lair:2   | Noticed a death yak
 17265 | Lair:2   | Killed a death yak
 17268 | Lair:2   | Killed a death yak
 17383 | Lair:2   | Noticed Gastronok
 17871 | Lair:2   | Killed Gastronok
 18468 | Lair:3   | Reached ** piety under Dithmenos
 18532 | Lair:3   | Noticed a boulder beetle
 18536 | Lair:3   | Killed a boulder beetle
 18840 | Lair:3   | Reached skill level 11 in Stealth
 19029 | Lair:3   | Learned a level 2 spell: Ensorcelled Hibernation
 19044 | Lair:3   | Reached XP level 13. HP: 78/78 MP: 25/25
 19966 | Lair:3   | Learned a level 3 spell: Summon Guardian Golem
 20030 | Lair:3   | Reached skill level 5 in Invocations
 20646 | Lair:4   | Reached *** piety under Dithmenos
 20728 | Lair:4   | Found a staircase to the Snake Pit.
 20732 | Lair:4   | Reached skill level 10 in Short Blades
 21124 | Lair:4   | Found a staircase to the Shoals.
 22226 | Lair:4   | Reached skill level 10 in Dodging
 23290 | Lair:5   | Noticed Snorg
 23295 | Lair:5   | Killed Snorg
 24054 | Lair:6   | Entered Level 6 of the Lair of Beasts
 24761 | Lair:6   | Reached skill level 12 in Stealth
 25056 | Lair:5   | Reached XP level 14. HP: 55/86 MP: 10/26
 27514 | Lair:6   | Found a viscous altar of Jiyva.
 27514 | Lair:6   | Found a staircase to the Slime Pits.
 27993 | Lair:6   | Reached **** piety under Dithmenos
 29116 | Orc:1    | Entered Level 1 of the Orcish Mines
 29509 | Orc:1    | Noticed Urug
 30034 | D:9      | Found a hide-covered altar of Uskayaw.
 30050 | D:9      | Killed Urug
 30051 | D:9      | Reached skill level 10 in Summonings
 30067 | D:9      | Found a staircase to the Orcish Mines.
 30850 | Orc:1    | Found Caggeune's Magic Scroll Shoppe.
 30858 | Orc:1    | Bought a scroll of teleportation for 39 gold pieces
 30858 | Orc:1    | Bought a scroll of teleportation for 39 gold pieces
 30863 | Orc:1    | Found Aorungont's Alliterative Accessories.
 30927 | Orc:2    | Entered Level 2 of the Orcish Mines
 33885 | Orc:2    | Reached skill level 13 in Stealth
 33885 | Orc:2    | Reached XP level 15. HP: 70/92 MP: 23/28
 33949 | Orc:2    | Found a radiant altar of Vehumet.
 33955 | Orc:2    | Found Deliasm's General Store.
 33956 | Orc:2    | Found Nyshearue's Jewellery Shoppe.
 33960 | Orc:2    | Bought a potion of curing for 36 gold pieces
 33963 | Orc:2    | Found Xutoixzi's General Store.
 33991 | Orc:2    | Found Eqon's Antique Weapon Emporium.
 34256 | Orc:2    | Found a staircase to the Elven Halls.
 34696 | Orc:2    | Bought an amulet of magic regeneration for 450 gold pieces
 35342 | Lair:6   | Reached skill level 10 in Fighting
 35736 | Orc:1    | Bought a scroll of identify for 26 gold pieces
 35736 | Orc:1    | Bought a scroll of identify for 26 gold pieces
 35736 | Orc:1    | Bought a scroll of identify for 26 gold pieces
 35842 | Orc:1    | Found a bloodstained altar of Trog.
 36152 | Snake:1  | Entered Level 1 of the Snake Pit
 36309 | Shoals:1 | Entered Level 1 of the Shoals
 36677 | D:11     | Killed Josephine
 37452 | D:12     | Found a hazy altar of Hepliaklqana.
 37531 | D:12     | Reached skill level 1 in Evocations
 37791 | D:12     | Noticed Rupert
 37794 | D:12     | Killed Rupert
 37795 | D:12     | Reached skill level 10 in Crossbows
 37795 | D:12     | Reached skill level 1 in Shields
 37806 | D:12     | Noticed Nergalle
 37809 | D:12     | Killed Nergalle
 38206 | D:13     | Reached ***** piety under Dithmenos
 38308 | D:13     | Reached skill level 10 in Spellcasting
 39025 | D:13     | Acquired the Grimoire of Creative Changing
 39032 | D:13     | Learned a level 4 spell: Summon Ice Beast
 39039 | D:13     | Learned a level 6 spell: Shadow Creatures
 39388 | D:13     | Cast into level 2 of the Abyss (a wizard)
 39553 | Abyss:2  | Noticed a tentacled monstrosity
 39557 | Abyss:2  | Noticed a tentacled starspawn
 39564 | Abyss:2  | Mangled by a tentacled monstrosity

Illustrated notes

Levels and vault maps discovered:
D:1:      nzn_arrival_crosshair, layout_basic, hellmonk_ecumenical_altar_run_dry
D:2:      layout_loops_ring, minmay_octomino_j4
D:3:      layout_loops_ring, serial_undead, serial_undead_c, serial_undead_d,
          serial_undead_c, serial_undead_f, serial_undead_c, serial_undead_d,
          serial_undead_c, serial_undead_f, uniq_robin
D:4:      layout_basic, minmay_crystal_water, minmay_shop_damaged,
          sigmund_edmund_badplayer
D:5:      layout_basic, minmay_temple_entry_slanted
D:6:      layout_basic, serial_corexii_hall, corexii_hall_statues_i,
          corexii_hall_statues_x, serial_shops, shop, uniq_menkaure
D:7:      layout_basic, mainiacjoe_overflow_catwalk_spiral, eino_jars
D:8:      layout_basic, david_lair_generic, gammafunk_ghost_stat_death,
          blue_anna_alchemist
D:9:      layout_long_grid, nicolae_uskayaw_murder_on_the_dancefloor,
          erik_orc_4, lemuel_flamethrower_2, uniq_harold
D:10:     layout_stronghold, minitemple, kennysheep_generic_room_2
D:11:     layout_rooms, gammafunk_ghost_icy, uniq_josephine
D:12:     layout_roguey, nicolae_hepliaklqana_monster_ancestors, uniq_rupert,
          uniq_nergalle
D:13:     layout_cave_pools, grunt_vaults_entry_fortified
Temple:   regret_index_temple_sphere_string
Lair:1:   layout_gridlike
Lair:2:   layout_layer_cave, minivault_23, beast_lair_carwin_1, uniq_gastronok
Lair:3:   layout_gridlike
Lair:4:   layout_layer_cave, minmay_shoals_entry_hut,
          guppyfry_snake_entry_garden
Lair:5:   layout_layer_cave, uniq_snorg
Lair:6:   hangedman_lair_in_review, layout_regular_city,
          guppyfry_lair_end_dragon, dpeg_slime_entry_enclosed_altar,
          minivault_26, infiniplex_staircase_pool, lemuel_fruit_fields
Shoals:1: layout_shoals, serial_shops, nicolae_shop_overgrown_old_shop,
          nicolae_lakefront_shop, nicolae_shop_window_shopping, kb_tengu_band
Snake:1:  layout_misc_corridors, special_room, st_stairs_6, grunt_megastairs_1,
          minmay_shop_grove, uniq_roxanne, uniq_aizul, uniq_asterion
Orc:1:    layout_caves, serial_shops, shop, basic_altar, nicolae_alphabet_shops,
          uniq_urug
Orc:2:    st_orc_open, layout_caves, basic_altar
Abyss:2:  base:
Snake:4

Skill      XL: |  1  2  3  4  5  6  7  8  9 10 11 12 13 14 15 |
---------------+----------------------------------------------+-----
Short Blades   | 1 2 3 5 6 7 8 9 10 11 | 11.7
Stealth        | 3 4 5 6 7 8 10 11 12 13 | 13.5
Fighting       | 1 2 3 4 5 6 7 8 9 10 | 10.4
Dodging        | 3 4 5 6 7 8 9 10 11 | 11.7
Spellcasting   | 3 4 5 6 7 8 9 10 | 10.1
Armour         | 1 2 3 4 |  4.3
Summonings     | 5 6 7 8 9 10 | 10.6
Crossbows      | 2 4 5 7 8 9 10 | 10.2
Invocations    | 3 4 6 7 8 |  8.4
Evocations     | 3 |  3.0
Shields        | 2 |  2.0

Action                   |  1- 3 |  4- 6 |  7- 9 | 10-12 | 13-15 || total
-------------------------+-------+-------+-------+-------+-------++-------
Melee: Unarmed           |    39 |       |       |       |       ||    39
       Dagger            |    41 |   140 |   165 |   542 |  1102 ||  1990
 Fire: Arbalest          |       |       |    34 |   101 |       ||   135
       Hand crossbow     |       |       |       |    18 |   217 ||   235
 Cast: Summon Small Mamm |    41 |     1 |       |       |       ||    42
       Call Imp          |     3 |    50 |   111 |   219 |   483 ||   866
       Call Canine Famil |       |     3 |    37 |    85 |   192 ||   317
       Summon Lightning  |       |       |       |     9 |   148 ||   157
       Ensorcelled Hiber |       |       |       |       |     1 ||     1
       Summon Ice Beast  |       |       |       |       |    13 ||    13
       Shadow Creatures  |       |       |       |       |     1 ||     1
Evoke: Wand              |       |       |       |     3 |       ||     3
  Use: Scroll            |       |       |    11 |     7 |    15 ||    33
       Potion            |       |       |       |     1 |     6 ||     7
 Stab: Sleeping          |    10 |    17 |    19 |    34 |    48 ||   128
       Distracted        |     1 |     1 |       |    10 |    36 ||    48
Armor: Robe              |    16 |       |       |       |       ||    16
       Leather armour    |       |    25 |    40 |    47 |       ||   112
       Steam dragon scal |       |       |       |    85 |   134 ||   219
       Troll leather arm |       |       |       |       |    60 ||    60
Dodge: Dodged            |    81 |    96 |   130 |   698 |  1411 ||  2416
       Repelled          |       |       |       |     3 |    13 ||    16

Table legend: (Time is in decaauts)
 A = Elapsed time spent in this place.
 B = Non-inter-level travel time spent in this place.
 C = Inter-level travel time spent in this place.
 D = Time resting spent in this place.
 E = Time spent auto-exploring this place.
 F = Levels seen in this place.
 G = Mean time per level.
                   A        B        C        D        E       F      G
               +--------+--------+--------+--------+--------+-----+--------+
         Total |  38923 |  31794 |   7129 |   9106 |  13479 |  25 | 1556.9 |
       Dungeon |  20496 |  17198 |   3298 |   4083 |   7698 |  13 | 1576.6 |
        Temple |    217 |    208 |      9 |      0 |    208 |   1 |  217.0 |
          Lair |  14201 |  11394 |   2807 |   3238 |   5308 |   6 | 2366.8 |
        Shoals |      5 |      5 |      0 |      0 |      0 |   1 |    5.0 |
     Snake Pit |     15 |     15 |      0 |      0 |      0 |   1 |   15.0 |
  Orcish Mines |   3828 |   2814 |   1014 |   1747 |    264 |   2 | 1914.0 |
         Abyss |    158 |    158 |      0 |     38 |      0 |   1 |  158.0 |
               +--------+--------+--------+--------+--------+-----+--------+

Top non-repeatable levels by time:
     D:9: 3513 daAuts
  Lair:6: 3421 daAuts
  Lair:5: 3090 daAuts
  Lair:4: 2704 daAuts
     D:8: 2636 daAuts
   Orc:1: 2120 daAuts
  Lair:2: 2072 daAuts
  Lair:3: 1981 daAuts
     D:7: 1886 daAuts
   Orc:2: 1707 daAuts
    D:10: 1626 daAuts
     D:4: 1567 daAuts
     D:1: 1472 daAuts
     D:3: 1364 daAuts
    D:12: 1195 daAuts
